 Dungeon Crawl Stone Soup version 0.31.0-2-g5a2aebc5c2 (webtiles) character file.

Game seed: 14846440939793979593

7 Sweeb the Grave Robber (level 1, 0/14 HPs)
             Began as a Demonspawn Necromancer on Jan 20, 2024.
             Slain by an endoplasm (3 damage)
             ... on level 2 of the Dungeon.
             The game lasted 00:00:56 (954 turns).

Sweeb the Grave Robber (Demonspawn Necromancer)      Turns: 954, Time: 00:00:56

Health: 0/14       AC:  2    Str:  8    XL:     1   Next: 91%
Magic:  1/3        EV: 12    Int: 15    God:
Gold:   41         SH:  0    Dex: 13    Spells: 3/4 levels left

rFire   . . .        e - +0 whip
rCold   . . .        (no shield)
rNeg    . . .        a - +0 robe
rPois   .            (no helmet)
rElec   .            (no cloak)
rCorr   .            (no gloves)
SInv    .            (no boots)
Will    .....        (no amulet)
Stlth   ++           (no ring)
HPRegen 0.22/turn    (no ring)
MPRegen 0.08/turn

%: no passive effects
@: no status effects
A: no striking features
a: no special abilities


You were on level 2 of the Dungeon.
You visited 1 branch of the dungeon, and saw 2 of its levels.

You collected 41 gold pieces.

Inventory:

Hand Weapons
 e - a +0 whip (weapon)
Armour
 a - a +0 robe (worn)
Scrolls
 c - a scroll of enchant weapon {unknown}
Potions
 b - a potion of magic
 d - a potion of berserk rage {unknown}


   Skills:
 + Level 0.4 Fighting
 * Level 0.2 Maces & Flails
 + Level 0.2 Armour
 - Level 1.7 Dodging
 - Level 1.7 Stealth
 * Level 2.2 Spellcasting
 + Level 4.4 Necromancy


You had 3 spell levels left.
You knew the following spells:

 Your Spells              Type           Power      Damage    Failure   Level
a - Necrotise             Necr           60%        1d7       3%          1

Your spell library contained the following spells:

 Spells                   Type           Power      Damage    Failure   Level
 Vampiric Draining        Necr           15%        2d7       11%         3
 Inner Flame              Hex/Fire       1%         N/A       54%         3
 Animate Dead             Necr           15%        N/A       34%         4
 Curse of Agony           Necr           15%        N/A       67%         5
 Irradiate                Conj/Alch      0%         3d11      99%         5
 Ignition                 Fire           0%         3d3       100%        8


Dungeon Overview and Level Annotations

Branches:
Dungeon (2/15)

Altars:

Annotations:
D:2 Robin


Message History

You completely miss the ribbon worm.
The ribbon worm is moderately wounded.
The goblins go into a battle-frenzy!
The endoplasm freezes you.
You are frozen.
The kobold throws a stone.
The stone hits your hobgoblin skeleton.
The ribbon worm expels a string of sticky webbing.
The stream of webbing hits you but does no damage.
You are caught in a web!
Your hobgoblin skeleton hits the ribbon worm.
The endoplasm hits you.
There is a web here.
The web tears apart.
The endoplasm misses you.
Robin of the Strong Arm comes into view.
They are wielding a +0 dagger and carrying a wand of flame.
Your hobgoblin skeleton barely misses the ribbon worm.
The goblin barely misses your hobgoblin skeleton.
The endoplasm hits you.
The hobgoblin barely misses your hobgoblin skeleton.
The goblin hits your hobgoblin skeleton with a +0 dagger.
Your hobgoblin skeleton closely misses the goblin.
The endoplasm attacks as it pursues you!
The endoplasm hits you.
* * * LOW HITPOINT WARNING * * *
The goblin barely misses your hobgoblin skeleton.
The hobgoblin hits your hobgoblin skeleton.
The goblin barely misses your hobgoblin skeleton.
Your hobgoblin skeleton barely misses the hobgoblin.
The ribbon worm attacks as it pursues you!
The ribbon worm bites you but does no damage.
Robin roars a battlecry!
The endoplasm closely misses you.
Something barely misses your hobgoblin skeleton.
The goblin hits your hobgoblin skeleton with a +0 dagger.
Your hobgoblin skeleton is destroyed!
The endoplasm attacks as it pursues you!
The endoplasm hits you.
* * * LOW HITPOINT WARNING * * *
The endoplasm attacks as it pursues you!
The endoplasm hits you.
You die...

#............
##..........
##.g..!..>.# ..#
<....g.#...# #..#
....g......## #..#
....g##.##.w####..#
#..
#..##....##..### #
...####J#..#....#
#..# #@##......#
#.. ###..##.....#
##. ..>....#....# #
###....#....# +
............# #.
#####.#.....#
###.#### #.......#
##.#...<# ###.....#
##..####.# #.....#


You could see a ribbon worm and an endoplasm.

Vanquished Creatures
  A ball python (D:2)
  A goblin (D:1)
  A hobgoblin (D:2)
  A kobold (D:2)
  A frilled lizard (D:1)
  2 rats
7 creatures vanquished.

Notes
Turn   | Place    | Note
-------+----------+-------------------------------------------
     0 | D:1      | Sweeb the Demonspawn Necromancer began the quest for the
                  | Orb.
     0 | D:1      | Reached XP level 1. HP: 13/13 MP: 3/3
   948 | D:2      | Noticed Robin
   954 | D:2      | Slain by an endoplasm

Illustrated notes

Levels and vault maps discovered:
D:1:      lightli_arrival_windingriver, layout_basic
D:2:      layout_rooms, dk_noncrumbling_4, uniq_robin, uniq_jessica

Action                     || total
---------------------------++-------
  Melee: Whip              ||     1
   Cast: Necrotise         ||    13
 Armour: Robe              ||     8
  Dodge: Dodged            ||     3
